[Event "*** Titled Tuesday Blitz"]
[Site "Chess.com"]
[Date "2018.06.05"]
[Round "5"]
[White "vincentmasuka"]
[Black "Aleksandr_Kholin"]
[Result "0-1"]
[WhiteElo "2214"]
[BlackElo "2431"]
[TimeControl "180+2"]
[EndTime "14:12:21 PDT"]
[Termination "Aleksandr_Kholin won by resignation"]

1. e4 c5 2. Nf3 d6 3. Bb5+ Nd7 4.
O-O Nf6 5. Re1 a6 6. Bd3 b5 7. c3 Bb7 8. Bc2 e5 9. d4 Be7 10. Nbd2 O-O 11. Nf1 Re8 12. Ng3 Qc7 13. d5 g6 14. h3 a5 15. a4 b4 16. c4 Bf8 17.
b3 Bg7 18. Bb2 Rf8 19. Bd3 Rae8 20. Qc2 Bh6 21. Rf1 Bf4 22. Rae1 h5 23. Bc1 Bxc1 24.
Qxc1 Qd8 25. Qh6 Nh7 26. Qd2 Qf6 27. Bc2 Kg7 28. Qe3 Rg8 29. Qc1 Kf8 30. Nh2 Qg5 31.
Qd1 Ke7 32. Ne2 Nhf6 33. f4 exf4 34. Rxf4 Kd8 35. Ref1 Qe5 36. Qe1 Kc7 37. Qf2 Nh7 38. Rxf7 Ng5 39. Nf3 Nxf3+ 40. Qxf3 g5 41. Ng3 g4 42.
hxg4 hxg4 43. Qf5 Qd4+ 44. Rf2 Qa1+ 45. Kh2 Rh8+ 46. Nh5 Bc8 47. Qxg4 Reg8 48. Qf5 Kb6 49. g4 Ne5 50. Qxe5 Qxe5+ 0-1

[Event "*** Titled Tuesday Blitz"]
[Site "Chess.com"]
[Date "2018.06.05"]
[Round "5"]
[White "bugsbunny444"]
[Black "Angry_Serb"]
[Result "1-0"]
[WhiteElo "2337"]
[BlackElo "2467"]
[TimeControl "180+2"]
[EndTime "14:12:21 PDT"]
[Termination "bugsbunny444 won by resignation"]

1. Nf3 Nf6 2. c4 b6 3. g3 Bb7 4. Bg2 c5 5. O-O e6 6. b3 Be7 7. Bb2 Nc6 8. e3 O-O 9. Nc3 d5 10. cxd5 Nxd5 11. Nxd5 Qxd5 12. d4 cxd4 13. Nxd4 Qxg2+ 14. Kxg2 Nxd4+ 15. f3 Nf5 16. Qe2 Bc5 17. Bc1 a5 18.
Rd1 a4 19. b4 Bxb4 20. e4 Ne7 21. a3 Ba6 22. Qf2 Bc3 23. Bb2 Ba5 24. Rac1 Rfd8 25.
Rxd8+ Rxd8 26. Bc3 h5 27. Bxa5 bxa5 28. Qa7 Rd2+ 29. Kg1 Be2 30. Qxe7 Bxf3 31. Rc7 1-0

[Event "*** Titled Tuesday Blitz"]
[Site "Chess.com"]
[Date "2018.06.05"]
[Round "5"]
[White "leoo2001"]
[Black "akashcheck"]
[Result "1-0"]
[WhiteElo "2307"]
[BlackElo "2162"]
[TimeControl "180+2"]
[EndTime "14:12:26 PDT"]
[Termination "leoo2001 won by resignation"]

1. e4 e5 2. Bc4 Nf6 3. d3 Nc6 4.
Nc3 Bb4 5. Ne2 d5 6. exd5 Nxd5 7. O-O Nxc3 8. Nxc3 O-O 9. f4 Be6 10. Bxe6 fxe6 11.
Ne4 exf4 12. Bxf4 e5 13. Be3 Qd5 14. Qg4 Kh8 15. a3 Be7 16. Rxf8+ Rxf8 17. Rf1 Rxf1+ 18.
Kxf1 Qd8 19. Qe6 Nd4 20. Bxd4 exd4 21. Ke2 h6 22. g3 Kh7 23. Qf5+ Kg8 24. h4 Qf8 25.
Qe6+ Kh8 26. h5 Bd6 27. a4 b6 28. b3 Qd8 29. Kf3 Bb4 30. Kg4 Ba3 31. Kf5 Kh7 32.
Qg6+ Kh8 33. Qe6 Kh7 34. Kg4 Bc1 35. Qf5+ Kh8 36. a5 Qe7 37. a6 c5 38. Kf3 Kg8 39.
Qc8+ Qf8+ 40. Qxf8+ Kxf8 41. Kg4 Ke7 42. Kf5 Be3 43. Kg6 Kf8 44. Nd6 1-0

[Event "*** Titled Tuesday Blitz"]
[Site "Chess.com"]
[Date "2018.06.05"]
[Round "5"]
[White "tigra"]
[Black "Patzel09"]
[Result "1-0"]
[WhiteElo "2726"]
[BlackElo "2595"]
[TimeControl "180+2"]
[EndTime "14:12:28 PDT"]
[Termination "tigra won by resignation"]

1. e4 g6 2. d4 c6 3. c4 d5 4. exd5 cxd5 5. Nc3 Nf6 6. Nf3 Bg7 7. cxd5 Nxd5 8. Bb5+ Nc6 9. O-O O-O 10. h3 Nxc3 11. bxc3 Be6 12. Bg5 a6 13. Bxc6 bxc6 14. Re1 Re8 15. Qa4 Bd5 16. Re3 Qb8 17. Rae1 f6 18.
Bh4 Ra7 19. Qa3 Kf7 20. Nd2 Bh6 21. c4 Be6 22. Rxe6 Bxd2 23. R1e2 Bf4 24. g3 Bd6 25. Qf3 Qb1+ 26. Kg2 Qf5 27. Qxf5 gxf5 28. c5 Be5 29. Rxc6 Bxd4 30. f3 e5 31. Rxf6+ Kg7 32. Rxf5 Bxc5 33.
Rfxe5 Rxe5 34. Rxe5 Bd4 35. Re7+ Rxe7 36. Bxe7 Kg6 37.
f4 h5 38. Kf3 Bc3 39. g4 hxg4+ 40. hxg4 1-0

[Event "*** Titled Tuesday Blitz"]
[Site "Chess.com"]
[Date "2018.06.05"]
[Round "5"]
[White "Angulo07"]
[Black "fyall777"]
[Result "1-0"]
[WhiteElo "2420"]
[BlackElo "2313"]
[TimeControl "180+2"]
[EndTime "14:12:30 PDT"]
[Termination "Angulo07 won on time"]

1. d4 Nf6 2. Bg5 Ne4 3. Bf4 d5 4. f3 Nf6 5. e3 c5 6. c3 Nc6 7. Ne2 e6 8. Bg3 Bd6 9. Nd2 e5 10. dxe5 Bxe5 11. Nb3 Bxg3+ 12. hxg3 Qe7 13. Kf2 Ne5 14.
Nf4 Neg4+ 15. fxg4 Nxg4+ 16. Ke1 Nxe3 17. Bb5+ Bd7 18.
Bxd7+ Kxd7 19. Qf3 g5 20. Nxd5 Nxd5+ 21. Kf2 Qf6 22.
Rad1 Qxf3+ 23. gxf3 Kc6 24. Rh6+ f6 25. c4 Nb4 26. a3 Na6 27. Rxf6+ Kc7 28. Rf7+ Kc8 29. Rd5 h6 30. Nxc5 Nxc5 31. Rxc5+ Kd8 32. Rxb7 Re8 33. Rh7 a5 34. Rcc7 1-0

[Event "*** Titled Tuesday Blitz"]
[Site "Chess.com"]
[Date "2018.06.05"]
[Round "5"]
[White "NDePinEsPeRG"]
[Black "Siemba"]
[Result "1-0"]
[WhiteElo "2617"]
[BlackElo "2021"]
[TimeControl "180+2"]
[EndTime "14:12:36 PDT"]
[Termination "NDePinEsPeRG won by resignation"]

1. e4 c5 2. Nf3 d6 3. d4 cxd4 4. Nxd4 Nf6 5. Nc3 g6 6. Be3 Bg7 7. f3 O-O 8. Qd2 Nc6 9. O-O-O d5 10. exd5 Nxd5 11. Nxc6 bxc6 12. Bd4 Bxd4 13. Qxd4 Qb6 14. Na4 Qc7 15. Bc4 Rd8 16. h4 Bf5 17. Bb3 Qg3 18. Rd2 e5 19. Qf2 Qxf2 20. Rxf2 h5 21. Nc5 a5 22.
Rd2 Kg7 23. Rhd1 Rdb8 24. Bxd5 cxd5 25. Rxd5 Rc8 26. Rxe5 Ra7 27. c3 Rac7 28. Ne4 a4 29.
Nd6 Kf6 30. Rxf5+ gxf5 31. Nxc8 Rxc8 32. Kc2 Rg8 33. Rd2 f4 34. c4 Ke5 35. Kc3 Rb8 36. c5 Rc8 37. Kc4 Rb8 38. b4 axb3 39. axb3 1-0

[Event "*** Titled Tuesday Blitz"]
[Site "Chess.com"]
[Date "2018.06.05"]
[Round "5"]
[White "gemarin"]
[Black "tan275"]
[Result "0-1"]
[WhiteElo "1801"]
[BlackElo "2017"]
[TimeControl "180+2"]
[EndTime "14:12:40 PDT"]
[Termination "tan275 won on time"]

1. d4 Nf6 2. c4 e6 3. Nf3 d5 4. Nc3 Be7 5. Bg5 h6 6. Bh4 O-O 7.
e3 b6 8. Rc1 Bb7 9. Bxf6 Bxf6 10. cxd5 exd5 11. b4 Be7 12. Qb3 c6 13. Be2 Nd7 14. O-O Nf6 15. Rfd1 Bd6 16. Ne5 Qe7 17. f4 c5 18. bxc5 bxc5 19. Nb5 c4 20. Qb1 Bb4 21. a3 Ba5 22. Bf3 Rab8 23. Nc3 Qxa3 24. Qc2 Qe7 25.
Ra1 Bb6 26. Rdb1 Rfc8 27. Nb5 a6 0-1

[Event "*** Titled Tuesday Blitz"]
[Site "Chess.com"]
[Date "2018.06.05"]
[Round "5"]
[White "RiskyDecision"]
[Black "penguingm1"]
[Result "0-1"]
[WhiteElo "2507"]
[BlackElo "2693"]
[TimeControl "180+2"]
[EndTime "14:12:42 PDT"]
[Termination "penguingm1 won by checkmate"]

1. d4 d5 2. c4 e6 3. Nc3 Be7 4. cxd5 exd5 5. Bf4 c6 6. e3 Bf5 7. Bd3 Bxd3 8. Qxd3 Nf6 9. h3 Bd6 10. Nge2 O-O 11. O-O Qe7 12. a3 a5 13. Rab1 Nbd7 14. Bxd6 Qxd6 15. b4 axb4 16. axb4 b5 17. Nc1 Nb6 18. Qe2 Nc4 19. Nd3 Ra3 20. Rfc1 Re8 21. Ra1 Rea8 22. Qd1 g6 23. Nc5 Kg7 24. Ne2 Ne4 25.
Rxa3 Rxa3 26. Ra1 Rxa1 27. Qxa1 Ncd2 28. Qa8 g5 29. Qc8 Qf6 30. Nd3 Nc4 31. Qg4 Qg6 32. Qd7 h5 33. Nc5 Ncd2 34. f3 Nxc5 35. dxc5 Qb1+ 36. Kh2 Nf1+ 37. Kg1 Ng3+ 38. Kf2 Nh1# 0-1

[Event "*** Titled Tuesday Blitz"]
[Site "Chess.com"]
[Date "2018.06.05"]
[Round "5"]
[White "ChrisTool2"]
[Black "sere99"]
[Result "1-0"]
[WhiteElo "2240"]
[BlackElo "2258"]
[TimeControl "180+2"]
[EndTime "14:12:43 PDT"]
[Termination "ChrisTool2 won by resignation"]

1. d4 Nf6 2. c4 g6 3. f3 d5 4.
cxd5 Nxd5 5. e4 Nb6 6. Nc3 Bg7 7. Be3 e5 8. dxe5 Qxd1+ 9. Rxd1 Bxe5 10. f4 Bg7 11.
Bc5 Bd7 12. Nf3 Bc6 13. Nb5 Na6 14. Bd4 O-O 15. Bxg7 Kxg7 16. Bd3 Rad8 17. Nfd4 Nc5 18. Ke2 Nxd3 19. Rxd3 Bxe4 20. Re3 f5 21. Ne6+ Kf6 22.
Nxf8 Rxf8 23. Nxc7 Nc4 24. Rb3 b6 25. Rc1 Nd6 26. Nb5 Nb7 27. g3 Nc5 28. Rbc3 Re8 29. Kf1 Bd3+ 30. Rxd3 Nxd3 31. Rc6+ Kg7 32. Rc7+ Kh6 33.
Nd6 Kh5 34. Nxe8 Kg4 35. Kg2 1-0

[Event "*** Titled Tuesday Blitz"]
[Site "Chess.com"]
[Date "2018.06.05"]
[Round "5"]
[White "jlucasvf"]
[Black "lupta_robin"]
[Result "1/2-1/2"]
[WhiteElo "2277"]
[BlackElo "2444"]
[TimeControl "180+2"]
[EndTime "14:12:47 PDT"]
[Termination "Game drawn by repetition"]

1. e4 c5 2. Nf3 d6 3. d4 cxd4 4.
Nxd4 Nf6 5. Nc3 g6 6. Be3 Bg7 7. f3 O-O 8. Bc4 Nc6 9. Qd2 Bd7 10.
O-O-O Rc8 11. Bb3 Nxd4 12. Bxd4 b5 13. Nd5 Nxd5 14. Bxg7 Kxg7 15. exd5 a5 16. a3 Kg8 17.
h4 b4 18. axb4 axb4 19. Qxb4 Qc7 20. h5 Bf5 21. Qc3 Qb6 22. Bc4 Rxc4 23. Qxc4 Rc8 24. Qe2 Rxc2+ 25. Qxc2 Bxc2 26. Kxc2 Qc5+ 27. Kb1 Qf2 28.
hxg6 hxg6 29. Rhg1 Kg7 30. Rc1 Kf6 31. Rcf1 Qd2 32.
Rd1 Qe2 33. g4 g5 34. Rge1 Qf2 35. b4 Kg6 36. Rxe7 Qxf3 37. Kc2 Qxg4 38. Rb1 Qc4+ 39. Kd2 Qa2+ 40. Kc1 Qc4+ 41. Kd2 Qxd5+ 42. Kc3 g4 43. b5 Qc5+ 44. Kd3 d5 45. Ree1 Qc4+ 46. Kd2 d4 47. Rec1 Qa2+ 48. Kd3 g3 49. b6 Qa3+ 50. Kxd4 Qd6+ 51.
Ke3 Qe5+ 52. Kf3 Kg5 53. b7 Qf4+ 54. Ke2 Qe4+ 55. Kd2 Qd4+ 56. Kc2 Qc4+ 57. Kd2 Qd4+ 58. Kc2 Qc4+ 59. Kd2 Qd4+ 60. Kc2 Qc4+ 61. Kb2 Qb4+ 62.
Ka2 Qa4+ 63. Kb2 Qb4+ 64. Kc2 Qc4+ 65. Kd2 Qd4+ 66. Ke2 Qe4+ 67. Kd2 Qd4+ 1/2-1/2

[Event "*** Titled Tuesday Blitz"]
[Site "Chess.com"]
[Date "2018.06.05"]
[Round "5"]
[White "hansen"]
[Black "DiamondCrusher22"]
[Result "1-0"]
[WhiteElo "2764"]
[BlackElo "1968"]
[TimeControl "180+2"]
[EndTime "14:12:47 PDT"]
[Termination "hansen won by resignation"]

1. e4 e5 2. Nf3 Nc6 3. Bb5 Nf6 4. O-O Nxe4 5. d4 Nd6 6. Bxc6 dxc6 7. dxe5 Nf5 8. Qxd8+ Kxd8 9. h3 Be7 10. Nc3 Be6 11.
Rd1+ Kc8 12. g4 Nh4 13. Nxh4 Bxh4 14. Kg2 b6 15. Bf4 h5 16. f3 Kb7 17. Rd2 Rh7 18. Rad1 Rah8 19. a3 g5 20. Be3 hxg4 21. hxg4 Bc4 22. Bg1 f6 23. exf6 Rf8 24. Rd7 Rxd7 25.
Rxd7 Rxf6 26. Ne4 Rf4 27. Bh2 Be6 28. Rh7 Rf8 29. Rxc7+ Ka6 30. Nc5+ bxc5 31. Rxc6+ Kb5 32. Rxe6 Rd8 33. Re2 Rd1 34. f4 gxf4 35. Bxf4 Be1 36. g5 Ba5 37. g6 Rd7 38. Kf3 Rg7 39. Re6 Bb6 40. Be5 Rg8 41. g7 Kc4 42. Rh6 Kd5 43.
Rh8 1-0

[Event "*** Titled Tuesday Blitz"]
[Site "Chess.com"]
[Date "2018.06.05"]
[Round "5"]
[White "Parhamov"]
[Black "Arystanner23"]
[Result "1-0"]
[WhiteElo "2831"]
[BlackElo "2629"]
[TimeControl "180+2"]
[EndTime "14:12:50 PDT"]
[Termination "Parhamov won by resignation"]

1. Nf3 Nf6 2. g3 e6 3. Bg2 d5 4. O-O Be7 5. b3 O-O 6. Bb2 c5 7. e3 Nc6 8. Qe2 a5 9. a4 b6 10. Nc3 Ba6 11. Nb5 Rc8 12. Rfd1 Qd7 13. c4 Nb4 14. d4 Qb7 15. Ne5 Qa8 16. g4 Bb7 17. g5 Ne4 18. f4 dxc4 19. bxc4 Rfd8 20. Qh5 g6 21. Qh3 Nxg5 22. fxg5 Bxg2 23. Qxg2 Qxg2+ 24. Kxg2 Nc2 25. Kf3 Nxa1 26. Bxa1 Bxg5 27. d5 exd5 28.
cxd5 f6 29. Nc6 Rd7 30. e4 Re8 31. d6 Kf7 32. e5 Rc8 33. Ne7 Re8 34. Nd5 fxe5 35.
Ke4 Ke6 36. Ndc7+ 1-0

[Event "*** Titled Tuesday Blitz"]
[Site "Chess.com"]
[Date "2018.06.05"]
[Round "5"]
[White "KRASAVCHIK2002"]
[Black "51616516516"]
[Result "0-1"]
[WhiteElo "2222"]
[BlackElo "2293"]
[TimeControl "180+2"]
[EndTime "14:12:50 PDT"]
[Termination "51616516516 won by resignation"]

1. e4 c5 2. Nf3 g6 3. d4 cxd4 4. Nxd4 Nc6 5. Nc3 Bg7 6. Nde2 Nf6 7. g3 O-O 8. Bg2 Rb8 9. O-O b5 10. h3 d6 11. Be3 a5 12. Nd4 Nxd4 13. Bxd4 Be6 14. Re1 Nd7 15. Bxg7 Kxg7 16. Qd4+ Kg8 17. Kh2 Qb6 18. Qd2 Rfc8 19. Nd5 Bxd5 20. exd5 Ne5 21. c3 Rc7 22. Re2 b4 23. cxb4 Qxb4 24. Qh6 Rbc8 25. Rae1 Nd3 26. Rb1 Rc2 27. Rxc2 Rxc2 28.
Qe3 Qd2 29. Qxe7 Qxf2 30. Qe4 Re2 31. Rf1 Rxe4 32. Rxf2 Nxf2 0-1

[Event "*** Titled Tuesday Blitz"]
[Site "Chess.com"]
[Date "2018.06.05"]
[Round "5"]
[White "Nyzhnyk_Illia"]
[Black "Keranke"]
[Result "0-1"]
[WhiteElo "2722"]
[BlackElo "2745"]
[TimeControl "180+2"]
[EndTime "14:12:51 PDT"]
[Termination "Keranke won by resignation"]

1. d4 d5 2. Nf3 Nf6 3. Bf4 c5 4.
e3 Nc6 5. Nbd2 Qb6 6. dxc5 Qxc5 7. a3 g6 8. c4 dxc4 9. Bxc4 Bg7 10. Rc1 Qb6 11.
b4 O-O 12. O-O Bf5 13. Qe2 Rac8 14. Nb3 Ne4 15. Nfd2 Nc3 16. Qf3 e5 17. e4 exf4 18. exf5 Nd4 19. Qg4 h5 20. Qxg6 Nce2+ 21. Kh1 Nxc1 22.
Nxc1 Qf6 23. Qxh5 Qxf5 24. Qxf5 Nxf5 25. Bd3 Nd4 26. Be4 b6 27. Nd3 Rc3 28. Nxf4 Rxa3 29.
Nd5 Rd8 30. g4 Nc6 31. Nc4 Ra1 32. Rxa1 Bxa1 33. Ndxb6 Nxb4 34. Na4 Rd4 0-1

[Event "*** Titled Tuesday Blitz"]
[Site "Chess.com"]
[Date "2018.06.05"]
[Round "5"]
[White "Amirreza_p"]
[Black "milovanratkovic"]
[Result "1-0"]
[WhiteElo "2703"]
[BlackElo "2549"]
[TimeControl "180+2"]
[EndTime "14:12:51 PDT"]
[Termination "Amirreza_p won by checkmate"]

1. e4 c6 2. d4 d5 3. f3 e6 4.
Nc3 Bb4 5. Be3 b6 6. Qd2 Ba6 7. Nge2 Ne7 8. a3 Bxc3 9. Qxc3 Nd7 10.
O-O-O O-O 11. h4 Bc4 12. h5 a5 13. h6 g6 14. Nf4 b5 15. Bxc4 bxc4 16. Bd2 Nb6 17. Qe3 Na4 18. Bc3 Rb8 19. exd5 Nxd5 20. Qe5 Nf6 21. Bxa5 Qe7 22. d5 Rb5 23. Bb4 c5 24. d6 Qd8 25. Nh5 Nxh5 26. Rxh5 cxb4 27. Qg7# 1-0

[Event "*** Titled Tuesday Blitz"]
[Site "Chess.com"]
[Date "2018.06.05"]
[Round "5"]
[White "EmreDedebas"]
[Black "Albertu"]
[Result "1-0"]
[WhiteElo "2398"]
[BlackElo "2322"]
[TimeControl "180+2"]
[EndTime "14:12:52 PDT"]
[Termination "EmreDedebas won on time"]

1. d4 Nf6 2. c4 c5 3. d5 b5 4.
Qc2 bxc4 5. e4 Ba6 6. Bxc4 Bxc4 7. Qxc4 d6 8. Nc3 g6 9. Nf3 Nbd7 10. O-O Bg7 11.
h3 O-O 12. Be3 Rb8 13. Rab1 Qa5 14. Nd2 Rb4 15. Qd3 Rfb8 16. b3 Ne5 17. Qc2 Qa6 18.
f4 Qd3 19. Qxd3 Nxd3 20. Nc4 Nh5 21. Ne2 g5 22. fxg5 Ne5 23. Bd2 R4b7 24. Na5 Rb5 25.
g4 c4 26. gxh5 cxb3 27. Nxb3 Nc4 28. Bf4 e6 29. Rbc1 Na5 30. Bxd6 Re8 31. Nc3 Bxc3 32.
Rxc3 exd5 33. e5 1-0

[Event "*** Titled Tuesday Blitz"]
[Site "Chess.com"]
[Date "2018.06.05"]
[Round "5"]
[White "Chiinaldo"]
[Black "Jahonas"]
[Result "1-0"]
[WhiteElo "2204"]
[BlackElo "2256"]
[TimeControl "180+2"]
[EndTime "14:12:53 PDT"]
[Termination "Chiinaldo won by resignation"]

1. d4 Nf6 2. Nf3 g6 3. c4 c6 4. g3 d5 5. cxd5 cxd5 6. Bg2 Bg7 7. O-O O-O 8. Nc3 Nc6 9. Ne5 Be6 10. Nxc6 bxc6 11. Na4 Nd7 12. Be3 Qa5 13. b3 c5 14.
dxc5 Bxa1 15. Qxa1 Nf6 16. Bd4 Rac8 17. Bxf6 exf6 18. Qxf6 Rfd8 19. h4 h5 20. Rc1 Qa6 21.
e3 Qe2 22. a3 Qd3 23. Nc3 d4 24. exd4 Qd2 25. Qg5 Qxg5 26. hxg5 Bxb3 27. Nb5 a6 28. Na7 Rc7 29. Nc6 Rdd7 30. Ne5 Rxd4 31. c6 Bd5 32.
Bf1 Re4 33. Nd7 Rd4 34. Nf6+ Kg7 35. Ne8+ Kf8 36. Nxc7 1-0

[Event "*** Titled Tuesday Blitz"]
[Site "Chess.com"]
[Date "2018.06.05"]
[Round "5"]
[White "GMMatamoros"]
[Black "Swarnapuri"]
[Result "0-1"]
[WhiteElo "2500"]
[BlackElo "2461"]
[TimeControl "180+2"]
[EndTime "14:12:54 PDT"]
[Termination "Swarnapuri won by resignation"]

1. Nf3 Nc6 2. d4 d5 3. Nbd2 Bf5 4. a3 Nf6 5. e3 e6 6. c4 dxc4 7.
Bxc4 Bd6 8. b4 O-O 9. Bb2 Qe7 10.
O-O Rad8 11. Qe2 Ne4 12. Rac1 e5 13. d5 Nb8 14. Nxe4 Bxe4 15. Nd2 Bg6 16. e4 Nd7 17. Bd3 Nb6 18. Nb3 f5 19. Na5 fxe4 20. Bxe4 Bxe4 21.
Qxe4 Rf4 22. Qe2 Rdf8 23. Nxb7 Nxd5 24. g3 R4f7 25. Rcd1 Nf6 26. Qd2 Qe6 27. Nxd6 cxd6 28. Qxd6 Qh3 29. Qd5 Nxd5 0-1

[Event "*** Titled Tuesday Blitz"]
[Site "Chess.com"]
[Date "2018.06.05"]
[Round "5"]
[White "jacky72"]
[Black "Arash-Tiger"]
[Result "0-1"]
[WhiteElo "2639"]
[BlackElo "2790"]
[TimeControl "180+2"]
[EndTime "14:13:02 PDT"]
[Termination "Arash-Tiger won by checkmate"]

1. d4 Nf6 2. Bg5 Ne4 3. Bf4 Nc6 4. f3 Nf6 5. d5 e5 6. Bg3 Ne7 7. e4 Ng6 8. Nc3 Bc5 9. Bd3 d6 10. Nge2 O-O 11. Qd2 a6 12. Bf2 Bxf2+ 13. Kxf2 c6 14. dxc6 bxc6 15. Bc4 Bb7 16. Rhd1 d5 17. exd5 cxd5 18.
Nxd5 Nxd5 19. Bxd5 Bxd5 20. Qxd5 Qb6+ 21. Kf1 Qxb2 22.
Qb3 Rab8 23. Qxb2 Rxb2 24. c3 Rc8 25. Rd6 a5 26. Ra6 h6 27. Rxa5 Rd8 28. a4 Rdd2 29. Re1 Ra2 30. g3 Rd3 31. Kf2 Rxc3 32. Ra8+ Kh7 33.
Ra7 f5 34. h4 h5 35. Rf7 f4 36. Rf5 Kh6 37. g4 hxg4 38. fxg4 Kh7 39. h5 Nh4 40. Rxe5 Rh3 41. Kg1 Nf3+ 42. Kg2 Rg3+ 43. Kf1 Nh2+ 44. Kf2 Nxg4+ 45. Kf1 f3 46. Nxg3 Rf2+ 47. Kg1 Rg2+ 48. Kh1 Nf2# 0-1

[Event "*** Titled Tuesday Blitz"]
[Site "Chess.com"]
[Date "2018.06.05"]
[Round "5"]
[White "Margency"]
[Black "Anurag328"]
[Result "1-0"]
[WhiteElo "2590"]
[BlackElo "2655"]
[TimeControl "180+2"]
[EndTime "14:13:02 PDT"]
[Termination "Margency won by resignation"]

1. e4 g6 2. d4 Bg7 3. Nc3 d6 4. Be3 c6 5. f4 b5 6. Bd3 b4 7. Nce2 a5 8. Nf3 Ba6 9. O-O Nf6 10. h3 Qc8 11. f5 Bxd3 12. cxd3 gxf5 13. Ng3 fxe4 14. dxe4 Rg8 15. Rc1 Bh6 16. Bxh6 Rxg3 17. Bf4 Rg8 18. Kh2 Nxe4 19. d5 c5 20. Qe2 Qf5 21.
Nh4 Qxd5 22. Rcd1 Qe6 23. Rfe1 f5 24. Qh5+ Kd7 25. Nxf5 Nc6 26. Bxd6 Rg5 27. Bf4+ Kc8 28. Bxg5 Qxf5 29. Qe8+ Kb7 30. Qd7+ Qxd7 31. Rxd7+ Kb6 32. Rxe4 e5 33. Be3 Kb5 34. Rd5 Ka4 35. Rxc5 Rc8 36. Bc1 Nd4 1-0

[Event "*** Titled Tuesday Blitz"]
[Site "Chess.com"]
[Date "2018.06.05"]
[Round "5"]
[White "FearNoEvil12"]
[Black "albi1999"]
[Result "0-1"]
[WhiteElo "1950"]
[BlackElo "2535"]
[TimeControl "180+2"]
[EndTime "14:13:05 PDT"]
[Termination "albi1999 won by resignation"]

1. e4 e5 2. d4 exd4 3. Bc4 Nc6 4. Nf3 Bc5 5. O-O d6 6. h3 Nf6 7. c3 d3 8. Qxd3 h6 9. Be3 Bxe3 10. Qxe3 O-O 11.
Nbd2 Re8 12. Rfe1 d5 13. Bb3 dxe4 14. Nd4 Nxd4 15. Qxd4 Qxd4 16. cxd4 Bf5 17. Nc4 Rad8 18.
Rad1 Be6 19. Na5 Bxb3 20. Nxb3 Rd5 21. Rc1 Re7 22. Kf1 b6 23. Rc6 Kf8 24. Rec1 Ne8 25. Ke2 a5 26. Ke3 f5 27. g3 Rb5 28. R1c2 Nf6 29.
Rxf6+ gxf6 30. Kf4 Rd7 31. Rc6 Kf7 32. g4 fxg4 33.
hxg4 a4 34. Nd2 Rxb2 35. Nxe4 Rxd4 36. Rxf6+ Ke7 37. Rxh6 Rxa2 38. f3 Rd5 39. Ng3 a3 40.
Nf5+ Kd7 41. Rh7+ Ke8 42. Rxc7 Re2 43. Ra7 Ra5 44. Rh7 a2 0-1

[Event "*** Titled Tuesday Blitz"]
[Site "Chess.com"]
[Date "2018.06.05"]
[Round "5"]
[White "djano"]
[Black "DiogenesSinopeus"]
[Result "0-1"]
[WhiteElo "2397"]
[BlackElo "2432"]
[TimeControl "180+2"]
[EndTime "14:13:06 PDT"]
[Termination "DiogenesSinopeus won on time"]

1. d4 Nf6 2. c4 e6 3. Nf3 Bb4+ 4.
Nbd2 b6 5. g3 Ba6 6. Qc2 Bb7 7.
Bg2 c5 8. dxc5 Bxc5 9. O-O O-O 10. a3 a5 11. b3 Qe7 12. Bb2 h6 13. Ng5 hxg5 14. Bxb7 Ra7 15. Bg2 Nc6 16. e3 Rc7 17. Ne4 Nxe4 18. Qxe4 f5 19. Qc2 Bd6 20. f4 Bc5 21.
Qd3 g4 22. Kh1 Nd8 23. e4 g6 24. Qc3 Qh7 25. h4 gxh3 26. Bf3 Nf7 27. Kh2 Nh6 28.
exf5 gxf5 29. b4 axb4 30. axb4 Be7 31. c5 Ng4+ 32. Bxg4 fxg4 33. f5 Bf6 34. Qb3 Bxb2 35. Qxb2 bxc5 36. b5 Rxf5 37. Ra8+ Kf7 38. Qe2 Rxf1 39.
Qxf1+ Qf5 40. Qe1 Qc2+ 0-1

[Event "*** Titled Tuesday Blitz"]
[Site "Chess.com"]
[Date "2018.06.05"]
[Round "5"]
[White "Justmig"]
[Black "Oleksandr_Bortnyk"]
[Result "0-1"]
[WhiteElo "2625"]
[BlackElo "2797"]
[TimeControl "180+2"]
[EndTime "14:13:08 PDT"]
[Termination "Oleksandr_Bortnyk won on time"]

1. e4 Nf6 2. e5 Nd5 3. d4 d6 4.
c4 Nb6 5. exd6 exd6 6. Nc3 Be7 7. Bd3 O-O 8. Nge2 Nc6 9. h3 Bf6 10. O-O Re8 11. Be3 Nb4 12. Rc1 Nxd3 13. Qxd3 g6 14. Ng3 Bg7 15. d5 Nd7 16. b3 Ne5 17. Qd1 Qh4 18. Nce4 h6 19. f4 Ng4 20. hxg4 Bxg4 21. Qe1 f5 22. Nxf5 Qxe1 23. Rcxe1 gxf5 24. Nf2 Bc3 25. Nxg4 fxg4 26. Re2 Rxe3 27. Rxe3 Bd4 28. Kf2 Re8 29. Re1 Re4 30. g3 Kf7 31. Re2 a5 32. a4 Kg6 33. Re1 Kf5 34. Re2 h5 0-1

[Event "*** Titled Tuesday Blitz"]
[Site "Chess.com"]
[Date "2018.06.05"]
[Round "5"]
[White "sergeikim"]
[Black "Iball95"]
[Result "0-1"]
[WhiteElo "2385"]
[BlackElo "2549"]
[TimeControl "180+2"]
[EndTime "14:13:08 PDT"]
[Termination "Iball95 won by resignation"]

1. d4 Nf6 2. c4 e6 3. Nc3 Bb4 4. Qc2 O-O 5. a3 Bxc3+ 6. Qxc3 d5 7. Nf3 dxc4 8. Qxc4 b6 9. Bf4 c5 10. dxc5 Ba6 11.
Qa4 bxc5 12. Bxb8 Qxb8 13. Qxa6 Qxb2 14. Rd1 Qc3+ 15. Nd2 Rab8 16. Qd3 Qa5 17. e3 Rb2 18. Be2 Rd8 19. Qa6 Qc3 20. O-O Rbxd2 21. Rxd2 Qxd2 22. Bf3 Qd7 23. h3 Qc7 24. Rc1 h6 25. g3 Nd5 26.
Kg2 Rc8 27. Qc4 Nb6 28. Qb5 c4 29. a4 c3 30. a5 Nd7 31. Bb7 Rd8 32. a6 Nb6 33. Qb4 c2 34. Qb3 Rd2 35. h4 Qc4 36. Qxc4 Nxc4 37. Be4 Nxe3+ 38. Kf3 Rd1 39. Rxc2 Nxc2 0-1

[Event "*** Titled Tuesday Blitz"]
[Site "Chess.com"]
[Date "2018.06.05"]
[Round "5"]
[White "Vamostodorecto"]
[Black "Ali_rastbod"]
[Result "0-1"]
[WhiteElo "2350"]
[BlackElo "2516"]
[TimeControl "180+2"]
[EndTime "14:13:09 PDT"]
[Termination "Ali_rastbod won by resignation"]

1. d4 Nf6 2. c4 g6 3. Nc3 d5 4. Nf3 Bg7 5. e3 O-O 6. Bd2 b6 7. cxd5 Nxd5 8. Bc4 Bb7 9. O-O Nxc3 10. Bxc3 Bd5 11. Qe2 e6 12. e4 Bxc4 13. Qxc4 Nd7 14. e5 c5 15. Rad1 Qc7 16. Rfe1 Rfe8 17. d5 exd5 18.
Qxd5 Nf8 19. Qd6 Qb7 20. h4 Ne6 21. Qd7 Qa6 22. Ng5 Nxg5 23. hxg5 Qxa2 24. e6 Rxe6 25.
Rxe6 Qxe6 26. Qxe6 fxe6 27. Bxg7 Kxg7 28. Rd7+ Kg8 29. Re7 b5 30. f4 a5 31. Kf2 a4 32.
Ke3 b4 33. Kd3 a3 34. bxa3 bxa3 35. Rxe6 a2 36. Re1 a1=Q 0-1

[Event "*** Titled Tuesday Blitz"]
[Site "Chess.com"]
[Date "2018.06.05"]
[Round "5"]
[White "aqmarkin"]
[Black "CookiesAndIceCream"]
[Result "1-0"]
[WhiteElo "2207"]
[BlackElo "1987"]
[TimeControl "180+2"]
[EndTime "14:13:12 PDT"]
[Termination "aqmarkin won by resignation"]

1. e4 e5 2. Nf3 Nc6 3. Bb5 g6 4. O-O Bg7 5. c3 Nge7 6. d4 exd4 7. cxd4 a6 8. Ba4 b5 9. Bb3 O-O 10. Re1 d6 11. h3 Na5 12. Bc2 Bb7 13. b3 c5 14. Bb2 Nec6 15. Qd2 Re8 16. Na3 b4 17. Nc4 Nxc4 18. bxc4 cxd4 19. Nxd4 Ne5 20. Qxb4 Rb8 21.
Qc3 Qg5 22. Kh1 Nc6 23. Qd3 Nb4 24. Qe2 Qc5 25. Nb3 Qg5 26. Bxg7 Kxg7 27. Rad1 Qe5 28.
Bb1 Rbc8 29. Rd4 Nc6 30. Rd5 Qe6 31. Red1 Red8 32. Nd4 Nxd4 33. R5xd4 Rc5 34. Qb2 Ba8 35. Rxd6+ Re5 36. Rxe6 Rxd1+ 37. Kh2 1-0

[Event "*** Titled Tuesday Blitz"]
[Site "Chess.com"]
[Date "2018.06.05"]
[Round "5"]
[White "Morshynska"]
[Black "amiralfio"]
[Result "1-0"]
[WhiteElo "2214"]
[BlackElo "2261"]
[TimeControl "180+2"]
[EndTime "14:13:15 PDT"]
[Termination "Morshynska won by resignation"]

1. d4 d5 2. c4 e6 3. Nc3 Bb4 4. Qa4+ Nc6 5. Nf3 Nf6 6. e3 O-O 7. Bd2 dxc4 8. Bxc4 Bd6 9. Rd1 e5 10. dxe5 Nxe5 11. Nxe5 Bxe5 12. h3 c6 13. Qc2 Qe7 14.
O-O Bc7 15. Bc1 Qe5 16. f4 Qh5 17. Qe2 Qh4 18. Qf2 Qh5 19. Qf3 Qc5 20. Bd3 h5 21.
Kh1 g6 22. e4 Kg7 23. Be3 Qb4 24. a3 Qe7 25. Bd4 c5 26. Nd5 Qe6 27. Bxf6+ Kh7 28.
Nxc7 Qxf6 29. Nxa8 Qe7 30. e5 Be6 31. Qxh5+ Kg7 32. Qg5 Qxg5 33. fxg5 Rxa8 34. Be4 c4 35. Bd5 Re8 36. Bxe6 Rxe6 37. Rd7 Rb6 1-0